 Dungeon Crawl Stone Soup version 0.21-a0-450-gd87a9b2 (webtiles) character file.

702 dududu the Conjurer (level 7, -1/36 HPs)
             Began as a Kobold Conjurer on Nov 19, 2017.
             Slain by an ice beast (13 damage)
             ... on level 5 of the Dungeon.
             The game lasted 00:26:12 (5763 turns).

dududu the Conjurer (Kobold Conjurer)               Turns: 5763, Time: 00:26:13

Health: -1/36      AC:  6    Str:  6    XL:     7   Next: 98%
Magic:  1/13       EV: 17    Int: 16    God:
Gold:   118        SH:  0    Dex: 15    Spells: 9/15 levels left

rFire    . . .     SeeInvis .   a - +0 dagger (venom)
rCold    . . .     Gourm    .   (shield restricted)
rNeg     . . .     Faith    .   t - +0 leather armour
rPois    .         Spirit   .   (helmet restricted)
rElec    .         Reflect  .   h - +0 cloak
rCorr    .         Harm     .   C - +1 pair of gloves
MR       .....                  (no boots)
Stlth    ++........             (no amulet)
HPRegen  0.12/turn              (no ring)
MPRegen  0.13/turn              (no ring)

@: no status effects
A: antennae 1, blurry vision 1, carnivore 3, dopey 1
a: no special abilities


You were on level 5 of the Dungeon.
You were very full.

You visited 1 branch of the dungeon, and saw 5 of its levels.

You collected 118 gold pieces.

Inventory:

Hand Weapons
 a - a +0 dagger of venom (weapon)
 b - a +0 hunting sling
 j - a +0 club
 k - a +0 dagger
 l - a cursed +0 whip
 y - a +0 dagger of distortion
 A - a +0 scimitar
 D - a +1 dagger of speed
Missiles
 f - 75 stones (quivered)
 p - 44 sling bullets
Armour
 g - a +0 ring mail
 h - a +0 cloak (worn)
 m - a +0 robe
 t - a +0 leather armour (worn)
 u - a +0 pair of gloves
 C - a +1 pair of gloves (worn)
Scrolls
 d - a scroll of recharging
 i - a scroll of remove curse
 n - 3 scrolls of teleportation
 s - 2 scrolls of fear
Potions
 e - 2 potions of heal wounds {unknown}
 o - 4 potions of agility
 q - 2 potions of berserk rage
 w - a potion of flight {unknown}
 x - 2 potions of curing {unknown}
 B - a potion of lignification {unknown}
Books
 r - a book of Conjurations

   Spells                             Type                      Level
   a - Magic Dart                     Conjuration                  1
   b - Searing Ray                    Conjuration                  2
   c - Dazzling Spray                 Conjuration/Hexes            3
   d - Fulminant Prism                Conjuration/Hexes            4
   e - Force Lance                    Conjuration/Translocation    4
   f - Iskenderun's Mystic Blast      Conjuration                  4
Comestibles
 c - 2 meat rations


   Skills:
 + Level 5.5 Dodging
 - Level 3.0 Stealth
 + Level 4.6 Spellcasting
 + Level 5.7 Conjurations
 + Level 3.4 Hexes


You had 9 spell levels left.
You knew the following spells:

 Your Spells              Type           Power        Failure   Level  Hunger
a - Magic Dart            Conj           ###.         2%          1    None
b - Searing Ray           Conj           ###...       3%          2    ##.....
c - Dazzling Spray        Conj/Hex       ###...       12%         3    ###....


Dungeon Overview and Level Annotations

Branches:
Dungeon (5/15)
 Temple: D:4-7

Altars:
Dithmenos
Hepliaklqana
Xom

Annotations:
D:2 1 runed door


Innate Abilities, Weirdness & Mutations

You are small and have problems with some larger weapons.
You are carnivorous and can eat meat at any time.
You have a pair of small antennae on your head.
Scrolls take you a little longer to read.
You are dopey. (Int -2)


Message History

Confirm with . or Enter, or press ? or * to list all spells.
Aiming: Searing Ray
Press: ? - help, Shift-Dir - straight line, f/p - ice beast
Aim: an ice beast (severely wounded)
The searing ray misses the ice beast. (Press . to maintain the ray.)
The ice beast barely misses you.
The searing ray hits the ice beast.
The ice beast is severely wounded.
The ice beast hits you. The ice beast freezes you!
Without enough magic to sustain it, your searing ray dissipates.
The ice beast hits you but does no damage.
The ice beast misses you.
You hit the ice beast but do no damage.
The ice beast is severely wounded.
The ice beast barely misses you.
You hit the ice beast.
The ice beast is severely wounded.
The ice beast hits you. The ice beast freezes you!
You die...

#.# ...
#..##.##
...... ..#.#
#...# #...#
#...#####
#.@Y....#
#######
#.##....#
......# #.#
....#
......#
###'##....#
......#
#.........#
......#
##..≈≈≈≈≈..#
......#
#..≈≈...≈≈.#
......#
#..≈.§§..≈##
......#
#..≈..§..≈#


You could see an ice beast.

Vanquished Creatures
  A phantom (D:3)
  A sky beast (D:5)
  An ogre (D:4)
  A scorpion (D:4)
  A howler monkey (D:4)
  A hound (D:4)
  3 orc priests
  3 orc wizards
  A worker ant zombie (D:5)
  5 adders
  An ooze (D:3)
  A worm (D:4)
  2 dart slugs
  6 leopard geckos
  20 orcs
  3 giant cockroaches
  13 goblins
  10 hobgoblins
  6 jackals
  5 kobolds
  9 bats
  5 frilled lizards
  6 rats
105 creatures vanquished.

Vanquished Creatures (others)
  An ogre (D:5)
  A giant cockroach (D:5)
  A ball python (D:5)
3 creatures vanquished.

Grand Total: 108 creatures vanquished

Notes
Turn   | Place    | Note
-------+----------+-------------------------------------------
     0 | D:1      | dududu the Kobold Conjurer began the quest for the Orb.
     0 | D:1      | Reached XP level 1. HP: 10/10 MP: 3/3
   349 | D:1      | Reached XP level 2. HP: 15/15 MP: 1/5
   877 | D:1      | Learned a level 2 spell: Searing Ray
   893 | D:1      | Reached XP level 3. HP: 19/19 MP: 2/6
  1467 | D:2      | Learned a level 3 spell: Dazzling Spray
  1790 | D:2      | Reached XP level 4. HP: 24/24 MP: 5/8
  2005 | D:2      | Found a shadowy altar of Dithmenos.
  2005 | D:2      | Found a hazy altar of Hepliaklqana.
  2263 | D:2      | Found a runed door.
  2850 | D:3      | Reached skill level 1 in Hexes
  3050 | D:3      | Reached XP level 5. HP: 28/28 MP: 4/9
  3436 | D:3      | Noticed a phantom
  3498 | D:3      | Killed a phantom
  3498 | D:3      | Reached skill level 5 in Conjurations
  3498 | D:3      | Reached XP level 6. HP: 15/32 MP: 0/11
  3791 | D:4      | Noticed an ogre
  4117 | D:4      | Reached XP level 7. HP: 36/36 MP: 7/13
  4505 | D:4      | Reached skill level 5 in Dodging
  5225 | D:5      | Entered Level 5 of the Dungeon
  5493 | D:5      | Found a shimmering altar of Xom.
  5730 | D:5      | Gained mutation: Scrolls take you a little longer to read. [mutagenic meat]
  5731 | D:5      | Gained mutation: You have a pair of small antennae on your head. [mutagenic meat]
  5732 | D:5      | Gained mutation: You are dopey. (Int -2) [mutagenic meat]
  5763 | D:5      | Slain by an ice beast

Vault maps used:
D:1:      dpeg_arrival_yet_another_circle
D:2:      kennysheep_the_goblin_king, gammafunk_temple_overflow_wave,
          hangedman_decor_diamond_cutter, uniq_crazy_yiuf_cottage
D:3:      first_bread
D:5:      makhleb_altar_promises_db, fedhas_altar_1, temple_fountains,
          xom_confusion_cloud

Skill      XL: |  1  2  3  4  5  6  7 |
---------------+----------------------+-----
Stealth        | 3 |  3.0
Dodging        | 3 4 5 |  5.5
Spellcasting   | 3 4 |  4.6
Hexes          | 1 2 3 |  3.4
Conjurations   | 5 |  5.7

Action                   |  1- 3 |  4- 6 |  7- 9 || total
-------------------------+-------+-------+-------++-------
Melee: Dagger            |     5 |    26 |    18 ||    49
 Fire: Hunting sling     |     9 |    43 |     8 ||    60
Throw: Stone             |       |       |     1 ||     1
 Cast: Magic Dart        |    64 |    53 |    74 ||   191
       Searing Ray       |       |     8 |    12 ||    20
  Use: Scroll            |       |     9 |       ||     9
 Stab: Sleeping          |     4 |     2 |       ||     6
  Eat: Chunk             |    11 |     8 |     7 ||    26
Armor: Robe              |     2 |       |       ||     2
       Leather armour    |       |    10 |    13 ||    23
Dodge: Dodged            |    10 |    30 |    39 ||    79

Table legend:
 A = Spawn XP
 B = Non-spawn XP
 C = Spawn XP percentage of total XP
 D = Spawn monster count
 E = Non-spawn monster count
 F = Spawn count percentage of total count
 G = Total turns spent on level
                    A         B        C        D         E        F      G
               +---------+---------+-------+---------+---------+-------+---------
         Total |       0 |    1004 |   0.0 |       0 |     105 |   0.0 |  5763
               +---------+---------+-------+---------+---------+-------+---------
           D:1 |       0 |      54 |   0.0 |       0 |      30 |   0.0 |  1432
           D:2 |       0 |      32 |   0.0 |       0 |      19 |   0.0 |  1003
           D:3 |       0 |     309 |   0.0 |       0 |      25 |   0.0 |  1716
           D:4 |       0 |     506 |   0.0 |       0 |      25 |   0.0 |  1184
           D:5 |       0 |     103 |   0.0 |       0 |       6 |   0.0 |   428
               +---------+---------+-------+---------+---------+-------+---------
